 Dungeon Crawl Stone Soup version 0.19.1 (webtiles) character file.

129 Patate the Sneak (level 4, 0/21 HPs)
             Began as a Spriggan Enchanter on Nov 23, 2016.
             Slain by a worm (8 damage)
             ... on level 3 of the Dungeon.
             The game lasted 00:11:37 (4045 turns).

Patate the Sneak (Spriggan Enchanter)               Turns: 4045, Time: 00:11:38

Health: 0/21       AC:  4    Str:  4    XL:     4   Next: 88%
Magic:  9/10       EV: 18    Int: 16    God:
Gold:   117        SH:  0    Dex: 17    Spells: 1 memorised, 8 levels left

rFire  + . .     SeeInvis +     a - +1 dagger
rCold  . . .     Gourm    .     b - +2 robe
rNeg   . . .     Faith    .     (shield restricted)
rPois  .         Spirit   .     (helmet restricted)
rElec  .         Reflect  .     (no cloak)
rCorr  .         Harm     .     (gloves unavailable)
MR     .....                    (boots unavailable)
Stlth  ++++......               (no amulet)
                                (no ring)
                                i - ring of protection from fire

@: very quick
A: unfitting armour, see invisible, herbivore 3, speed 3, slow metabolism 2
a: no special abilities


You were on level 3 of the Dungeon.
You were very hungry.

You visited 1 branch of the dungeon, and saw 3 of its levels.

You collected 117 gold pieces.

Inventory:

Hand Weapons
 a - a +1 dagger (weapon)
Armour
 b - a +2 robe (worn)
Jewellery
 i - a ring of protection from fire (left hand)
Scrolls
 f - 2 scrolls of remove curse
 g - a scroll of enchant armour
 h - 3 scrolls of identify
 k - 2 scrolls of fog
 n - a scroll of recharging
Potions
 e - a potion of agility
 l - 2 potions of resistance
 m - a potion of heal wounds
 p - a potion of curing
Books
 c - a book of Maledictions

   Spells                             Type                      Level
   a - Corona                         Hexes                        1
   b - Ensorcelled Hibernation        Hexes/Ice                    2
   c - Confuse                        Hexes                        3
   d - Tukima's Dance                 Hexes                        3
   e - Dazzling Spray                 Conjuration/Hexes            3
Comestibles
 d - 3 bread rations
 q - a slice of pizza


   Skills:
 - Level 1.1 Short Blades
 - Level 3.0 Dodging
 - Level 7.6 Stealth
 + Level 3.4 Spellcasting
 + Level 4.3 Hexes


You had 8 spell levels left.
You knew the following spells:

 Your Spells              Type           Power        Failure   Level  Hunger
a - Corona                Hex            ###....      3%          1    None


Dungeon Overview and Level Annotations

Branches:
Dungeon (3/15)

Altars:
Fedhas
Uskayaw

Annotations:
D:3 Purgy


Innate Abilities, Weirdness & Mutations

You are very small and have problems with some larger weapons.
You are too small for most types of armour.
You have supernaturally acute eyesight. (SInv)
You are a herbivore.
You cover ground extremely quickly.
You need consume almost no food.


Message History

You hit the worm but do no damage.
The worm is heavily wounded.
The worm closely misses you.
You barely miss the worm.
The worm is heavily wounded.
Casting: Corona
Confirm with . or Enter, or press ? or * to list all spells.
Aiming: Corona
Press: ? - help, Shift-Dir - straight line, f/p - worm
Aim: a worm (heavily wounded, chance to defeat MR: 62%)
The worm is outlined in light.
The worm bites you!
You hit the worm but do no damage.
The worm is heavily wounded.
You hit the worm but do no damage.
The worm is heavily wounded.
The worm misses you.
You hit the worm.
The worm is heavily wounded.
The worm bites you!
You die...

#........# #).##....# #.
#........# #)##..#..# ###
####.#.#.# #.######.####..
#)#.#.# #.# #..#....
#.#.#.###.# ##.#....
#.#....##.# #.#....
######.#....##.# #.#....
###...........##.# #.#....
#....###.#...@##.#######......
#....# #.###..w.(((.....##....
#....# #.#..............##....
#....# #.#.##...........##....
#....###.#.##......(..........
#........#.##...........##....
#....#####.##...((......##....
#....#.......#################
###..##.##.#.# #.....


You could see a worm.

Vanquished Creatures
  Jessica (D:3)
  A gnoll (D:1)
  2 adders
  An ooze (D:1)
  3 dart slugs
  4 leopard geckos (D:2)
  5 orcs (D:3)
  A ball python (D:2)
  5 bats
  2 giant cockroaches (D:2)
  4 goblins
  4 hobgoblins
  4 jackals
  7 kobolds
  2 quokkas (D:2)
  5 frilled lizards
  6 rats
57 creatures vanquished.

Notes
Turn   | Place    | Note
-------+----------+-------------------------------------------
     0 | D:1      | Patate the Spriggan Enchanter began the quest for the Orb.
     0 | D:1      | Reached XP level 1. HP: 9/9 MP: 5/5
    95 | D:1      | Reached skill level 5 in Stealth
   106 | D:1      | Reached XP level 2. HP: 13/13 MP: 6/6
   147 | D:1      | Reached skill level 6 in Stealth
   588 | D:1      | Reached XP level 3. HP: 7/16 MP: 6/8
  1317 | D:2      | Found a blossoming altar of Fedhas.
  1348 | D:2      | Found a hide-covered altar of Uskayaw.
  1563 | D:2      | Reached skill level 7 in Stealth
  2181 | D:2      | Reached XP level 4. HP: 17/21 MP: 9/9
  2779 | D:3      | Noticed Jessica
  2786 | D:3      | Killed Jessica
  2914 | D:3      | Noticed Purgy
  4045 | D:3      | Slain by a worm

Skill      XL: |  1  2  3  4 |
---------------+-------------+-----
Stealth        | 5 6 7 |  7.6
Spellcasting   | 3 |  3.4
Hexes          | 4 |  4.3
Short Blades   | |  1.1
Dodging        | |  3.0

Action                   |  1- 3 |  4- 6 || total
-------------------------+-------+-------++-------
Melee: Dagger            |   161 |   142 ||   303
 Cast: Corona            |     4 |     6 ||    10
  Use: Scroll            |       |     7 ||     7
       Potion            |       |     2 ||     2
 Stab: Sleeping          |    16 |     5 ||    21
Armor: Robe              |    14 |     8 ||    22
Dodge: Dodged            |   128 |   122 ||   250
